 Dungeon Crawl Stone Soup version 0.28.0-53-g5a82cb258f (webtiles) character file.

Game seed: 17345718812184974918

311 DemonSlayer the Firebug (level 6, 0/63 HPs)
             Began as a Demonspawn Fire Elementalist on July 21, 2022.
             Was an Initiate of Cheibriados.
             Slain by an orc warrior
             ... wielding a +0 vorpal mace
              (3 damage)
             ... on level 3 of the Dungeon.
             The game lasted 00:10:12 (4430 turns).

DemonSlayer the Firebug (DsFE)                      Turns: 4430, Time: 00:10:13

Health: 0/63       AC: 23    Str: 10    XL:     6   Next: 18%
Magic:  2/11       EV:  2    Int: 19    God:    Cheibriados [......]
Gold:   77         SH:  0    Dex: 14    Spells: 6/12 levels left

rFire   . . .      SeeInvis .   c - +0 short sword
rCold   . . .      Faith    .   (no shield)
rNeg    . . .      Spirit   .   (armour currently unavailable)
rPois   +          Reflect  .   (helmet currently unavailable)
rElec   .          Harm     .   (cloak currently unavailable)
rCorr   .          Rampage  .   (gloves currently unavailable)
Will    .....      NoTele   +   (boots currently unavailable)
Stlth   ++........              (no amulet)
HPRegen 0.20/turn               (no ring)
MPRegen 0.12/turn               (no ring)

@: tree-form, very slow
A: stationary, stasis, torment immunity, boosted hp, (hooves 1), powered by
death 1, (sanguine armour 1)
a: Renounce Religion


You were on level 3 of the Dungeon.
You worshipped Cheibriados.
Cheibriados was noncommittal.
You were a tree.
You visited 1 branch of the dungeon, and saw 4 of its levels.

You collected 77 gold pieces.

Inventory:

Hand Weapons
 c - a +0 short sword (weapon)
Armour
 a - a +0 robe (melded)
Wands
 h - a wand of flame (21)
Scrolls
 d - a scroll of silence {unknown}
 e - a scroll of teleportation {unknown}
 j - a scroll of vulnerability {unknown}
Potions
 f - a potion of degeneration {unknown}
 g - a potion of might {unknown}
 k - a potion of berserk rage {unknown}


   Skills:
 + Level 0.7 Fighting
 + Level 1.2 Short Blades
 + Level 2.2 Dodging
 + Level 2.1 Stealth
 + Level 3.7 Spellcasting
 + Level 2.0 Conjurations
 + Level 4.3 Fire Magic
 + Level 0.1 Evocations


You had 6 spell levels left.
You knew the following spells:

 Your Spells              Type           Power      Damage    Failure   Level
a - Foxfire               Conj/Fire      60%        2x1d7     3%          1
b - Scorch                Fire           40%        2d7       3%          2
c - Conjure Flame         Conj/Fire      15%        6-21      12%         3

Your spell library contained the following spells:

 Spells                   Type           Power      Damage    Failure   Level
 Pain                     Necr           12%        1d4       14%         1
 Static Discharge         Conj/Air       7%         N/A       14%         2
 Inner Flame              Hex/Fire       11%        N/A       17%         3
 Flame Wave               Conj/Fire      15%        2d6       36%         4
 Sticky Flame             Conj/Fire      15%        2d4       36%         4
 Dispel Undead            Necr           3%         3d7       80%         4
 Lightning Bolt           Conj/Air       3%         1d15      95%         5
 Agony                    Necr           3%         N/A       98%         5
 Excruciating Wounds      Necr           1%         N/A       98%         5
 Maxwell's Capacitive Co  Air            1%         ∞         100%        8


Dungeon Overview and Level Annotations

Branches:
Dungeon (4/15)
 Temple: D:4-7

Altars:
Cheibriados

Annotations:
D:3 1 runed translucent door, Crazy Yiuf


Innate Abilities, Weirdness & Mutations

You are a tree.
Your roots penetrate the ground, keeping you stationary.
You cannot be teleported.
You are immune to unholy pain and torment.
Your maximum health is greatly increased.
Your equipment is partially melded.
((You have large cloven feet.))
You regenerate a little health from kills.
((When seriously injured, your blood forms armour. (AC +0)))


Message History

You miscast Scorch.
You are very lightly contaminated with residual magic.
Nothing appears to happen.
The orc warrior misses you.
Flames lash the orc warrior.
The orc warrior is burned terribly!
The orc warrior is severely wounded.
The orc warrior barely misses you. The orc completely misses you.
Flames lash the orc.
You kill the orc!
Cheibriados appreciates the change of pace.
The orc warrior hits you with a +0 vorpal mace!
You are too depleted to draw on your mana recklessly!
You barely miss the orc warrior.
You kick the orc warrior, but do no damage.
The orc warrior is severely wounded.
The orc warrior hits you with a +0 vorpal mace!
Your blood congeals into armour.
You hit the orc warrior.
You kick the orc warrior, but do no damage.
The orc warrior is severely wounded.
The orc warrior hits you with a +0 vorpal mace!
* * * LOW HITPOINT WARNING * * *
x2 It was a potion of curing.
You feel better. The orc warrior closely misses you.
The orc warrior hits you with a +0 vorpal mace!
* * * LOW HITPOINT WARNING * * *
x2 Your magical contamination has completely faded away.
You feel better. The orc warrior misses you.
The orc warrior is no longer more vulnerable to fire.
The orc warrior hits you with a +0 vorpal mace!
* * * LOW HITPOINT WARNING * * *
x2 It was a potion of lignification.
You turn into a tree.
Your +0 robe melds into your body.
Your roots penetrate the ground.
Your blood armour dries and flakes away.
The orc warrior hits you but does no damage.
You hit the orc warrior but do no damage.
The orc warrior is severely wounded.
The orc warrior hits you but does no damage.
You closely miss the orc warrior.
The orc warrior is severely wounded.
The orc warrior hits you with a +0 vorpal mace.
You die...

###......## #..# ##........#.....
....##....###..###....#..........
###.##..#........).#..#.##.##....
###.##..#..........#....##.##....
#.........###..###.........#...#.
#.#.##..)## #..# #........#.#...
#.#.....## ##..## ##.#######...##
....###.####...o####.# #...#
#.### #..##..##.♣##..# .# #.#
#..............# #.#
####.##........# #.##
#.....##.###.#.# #o.#
#.....##.###.### ...#
#......#.##...# o###
#......#.##..## ♣♣♣♣ .##
#......#>##..## ### ♣♣♣.♣. ..#
##............# #...#♣..♣..


You could see an orc warrior.

Vanquished Creatures
  A scorpion (D:3)
  A jelly (D:3)
  Terence (D:3)
  3 orc wizards (D:3)
  A gnoll (D:1)
  An adder (D:2)
  5 dart slugs
  17 orcs
  4 bats
  6 endoplasms
  2 giant cockroaches
  3 goblins
  8 hobgoblins
  8 kobolds
  2 quokkas (D:3)
  3 frilled lizards
  10 rats
76 creatures vanquished.

Vanquished Creatures (collateral kills)
  A foxfire (D:1)
1 creature vanquished.

Vanquished Creatures (others)
  156 foxfires
  2 fungi (D:1)
  6 plants
164 creatures vanquished.

Grand Total: 241 creatures vanquished

Notes
Turn   | Place    | Note
-------+----------+-------------------------------------------
     0 | D:1      | DemonSlayer the Demonspawn Fire Elementalist began the
                  | quest for the Orb.
     0 | D:1      | Reached XP level 1. HP: 13/13 MP: 3/3
   135 | D:1      | Reached skill level 3 in Fire Magic
   484 | D:1      | Gained mutation: You regenerate a little health from kills.
                  | [demonic ancestry]
   484 | D:1      | Reached XP level 2. HP: 19/19 MP: 0/5
   770 | D:1      | Found a faded altar of an unknown god.
   785 | D:1      | Gained mutation: When seriously injured, your blood forms
                  | armour. (AC +0) [demonic ancestry]
   785 | D:1      | Reached XP level 3. HP: 24/24 MP: 0/6
  1090 | D:1      | Learned a level 2 spell: Scorch
  1094 | D:1      | Learned a level 3 spell: Conjure Flame
  1514 | D:2      | Reached skill level 1 in Short Blades
  2301 | D:3      | Reached XP level 4. HP: 19/30 MP: 1/7
  2511 | D:3      | Noticed Terence
  2523 | D:3      | Killed Terence
  3224 | D:3      | Noticed an orc warrior
  3293 | D:3      | Gained mutation: You have large cloven feet. [demonic
                  | ancestry]
  3293 | D:3      | Reached XP level 5. HP: 36/36 MP: 0/9
  3383 | D:3      | Found Rifih's Distillery.
  3544 | D:3      | Reached skill level 4 in Fire Magic
  3588 | D:3      | Found a snail-covered altar of Cheibriados.
  3739 | D:3      | Became a worshipper of Cheibriados the Contemplative
  3809 | D:3      | Reached XP level 6. HP: 23/42 MP: 2/11
  4071 | D:3      | Found a runed translucent door.
  4072 | D:3      | Noticed Crazy Yiuf
  4426 | D:3      | HP: 1/42 [orc warrior/+0 vorpal mace (3)]
  4430 | D:3      | Slain by an orc warrior

Illustrated notes

Levels and vault maps discovered:
D:1:      dpeg_arrival_tiny_i, layout_rooms,
          shapermc_ecumenical_altar_mp_urbaneastern
D:2:      layout_rooms, st_stairs_6, kennysheep_decorative_pillar
D:3:      cheibrodos_greedy_goblins, layout_loops_cross, cheibriados_altar_1,
          serial_shops, nicolae_shop_statue_plus, minmay_misc_feat_nine_boxes,
          palyth_stone_intersect, corexii_shack, uniq_terence,
          uniq_crazy_yiuf_cottage
D:4:      layout_gridville, sigmund_edmund_badplayer

Skill      XL: |  1  2  3  4  5 |
---------------+----------------+-----
Fire Magic     | 3 4 |  4.3
Dodging        | 2 |  2.2
Short Blades   | 1 |  1.2
Stealth        | 2 |  2.1
Conjurations   | 2 |  2.0
Spellcasting   | 3 |  3.7
Fighting       | |  0.7
Evocations     | |  0.1

Action                   |  1- 3 |  4- 6 || total
-------------------------+-------+-------++-------
Melee: Unarmed           |     6 |       ||     6
       Short sword       |    62 |    53 ||   115
       Kick              |       |    16 ||    16
       Punch             |       |     1 ||     1
 Cast: Foxfire           |    83 |    12 ||    95
       Scorch            |     8 |    38 ||    46
Evoke: Wand              |       |     3 ||     3
  Use: Potion            |       |     3 ||     3
Armor: Robe              |    14 |     6 ||    20
       Skin              |       |     2 ||     2
Dodge: Dodged            |    42 |    31 ||    73
